 Dungeon Crawl Stone Soup version 0.30.1-3-gfc49f6343a (webtiles) character file.

Game seed: 17979890595288343935

6041 Zeor the Skirmisher (level 10, 0/86 HPs)
             Began as a Minotaur Hunter on July 26, 2023.
             Was a Priest of Qazlal.
             Slain by a komodo dragon (24 damage)
             ... on level 10 of the Dungeon.
             The game lasted 00:26:21 (8261 turns).

Zeor the Skirmisher (Minotaur Hunter)               Turns: 8261, Time: 00:26:21

Health: 0/86       AC: 13    Str: 16    XL:     10   Next: 56%
Magic:  12/12      EV: 11    Int:  2    God:    Qazlal [***...]
Gold:   110        SH:  4    Dex: 29    Spells: 9/9 levels left

rFire   + . .        b - +4 rapier (venom)
rCold   + . .        (no shield)
rNeg    . . .        D - +0 chain mail {rF+}
rPois   +            (helmet restricted)
rElec   .            h - +1 cloak
rCorr   .            p - +0 pair of gloves
SInv    .            (no boots)
Will    .....        (no amulet) Stlth
                     r - ring of the Sky {rPois rC+ Int-4 Dex+5}
HPRegen 0.34/turn    E - +6 ring of dexterity
MPRegen 0.13/turn

%: no passive effects
@: no status effects
A: horns 2, retaliatory headbutt
a: Renounce Religion, Upheaval, Elemental Force


You were on level 10 of the Dungeon.
You worshipped Qazlal.
Qazlal was most pleased with you.
You visited 1 branch of the dungeon, and saw 10 of its levels.

You collected 539 gold pieces.
You spent 429 gold pieces at shops.

Inventory:

Hand Weapons
 a - a +1 shortbow
 b - a +4 rapier of venom (weapon)
 c - a +2 hand axe of electrocution
 n - a +3 rapier
 y - a +2 flail of holy wrath
Missiles
 d - 27 poisoned darts
 u - a throwing net
Armour
 h - a +1 cloak (worn)
 m - a +2 robe of cold resistance
 p - a +0 pair of gloves (worn)
 D - a +0 chain mail of fire resistance (worn)
Jewellery
 j - an amulet of magic regeneration
 r - the ring of the Sky (left hand) {rPois rC+ Int-4 Dex+5}
   (You found it on level 5 of the Dungeon)

   [ring of protection from cold]

   Int:       It affects your intelligence (-4).
   Dex:       It affects your dexterity (+5).
   rC:        It protects you from cold.
   rPois:     It protects you from poison.
 C - a ring of positive energy
 E - a +6 ring of dexterity (right hand)
 F - a +6 ring of dexterity
Wands
 k - a wand of iceblast (5)
 t - a wand of flame (18)
 v - a wand of mindburst (10)
Scrolls
 f - 2 scrolls of immolation
 g - 3 scrolls of magic mapping
 l - 4 scrolls of fear
 o - 5 scrolls of teleportation
 q - a scroll of blinking
 A - a scroll of identify
Potions
 e - 2 potions of haste
 i - a potion of might
 s - a potion of curing
 w - 2 potions of attraction
 x - 2 potions of ambrosia
 z - 2 potions of flight
 B - a potion of cancellation


   Skills:
 + Level 7.1 Fighting
 * Level 5.0 Short Blades
 + Level 4.1 Axes
 * Level 12.6 Ranged Weapons
 + Level 5.2 Armour
 + Level 5.0 Dodging
 - Level 0.8 Stealth
 + Level 1.1 Shields
 * Level 5.3 Invocations


You had 9 spell levels left.
You didn't know any spells.
Your spell library contained the following spells:

 Spells                   Type           Power      Damage    Failure   Level
 Scorch                   Fire           0%         2d5       100%        2
 Flame Wave               Conj/Fire      0%         2d4       100%        4
 Fireball                 Conj/Fire      0%         3d3       100%        5
 Iskenderun's Battlesphe  Conj           0%         2d6       100%        5
 Conjure Ball Lightning   Conj/Air       0%         3x3d6     100%        6
 Summon Cactus Giant      Summ           0%         N/A       100%        6
 Orb of Destruction       Conj           0%         9d5       100%        7


Dungeon Overview and Level Annotations

Branches:
Dungeon (10/15)            Temple (0/1) D:4
   Lair: D:8-11         Orc: D:9-12

Altars:
Elyvilon
Fedhas
Gozag
Qazlal
Ru
Vehumet
Xom
Zin
The Shining One

Shops:
D:1 ?   D:3 [   D:4 (

Annotations:
D:5 1 runed translucent door, Crazy Yiuf
D:7 2 runed translucent doors, SirLogeyBear's ghost, novice HOBe


Innate Abilities, Weirdness & Mutations

You have a pair of horns on your head.
You reflexively headbutt those who attack you in melee.


Message History

HP restored.
Found a +0 dagger and a +0 club.
Found a stone staircase leading down.
Things that are here:
a +0 spear; a +0 robe You see here a +0 club.
d - 27 poisoned darts (gained 3)
You see here a +3 short sword.
You hear an angry hiss.
No target in view!
You start waiting.
A komodo dragon comes into view.
You shoot an arrow. The arrow hits the komodo dragon!
The komodo dragon is lightly wounded.
You shoot an arrow.
The arrow hits the komodo dragon but does no damage.
The komodo dragon is lightly wounded.
You shoot an arrow.
The arrow hits the komodo dragon but does no damage.
The komodo dragon is lightly wounded.
You shoot an arrow. The arrow hits the komodo dragon.
The komodo dragon is moderately wounded.
You shoot an arrow. The arrow hits the komodo dragon.
The komodo dragon is moderately wounded.
You shoot an arrow.
The arrow barely misses the komodo dragon.
The komodo dragon bites you!! x2
You are too injured to fight recklessly!
Your +4 rapier of venom begins to drip with poison!
b - a +4 rapier of venom (weapon)
You hit the komodo dragon.
The komodo dragon is poisoned.
You headbutt the komodo dragon.
The komodo dragon is moderately wounded.
The komodo dragon bites you!!
* * * LOW HITPOINT WARNING * * *
You hit the komodo dragon.
The komodo dragon looks as sick as possible!
You headbutt the komodo dragon.
The komodo dragon is severely wounded.
The komodo dragon bites you!!
You die...

▒∙∙∙∙∙∙∙∙∙∙∙∙∙∙∙∙
▒∙∙∙∙∙∙∙∙∙∙∙∙∙∙∙∙
▒∙∙∙∙∙∙∙∙▒▒▒▒▒▒▒▒
▒▒▒▒▒∙∙▒▒▒▒∙∙▒
∙∙∙∙∙∙▒ ▒∙∙▒
∙∙∙∙▒ ▒∙∙▒ ▒[∙▒
▒∙∙▒ ▒∙)▒▒▒▒∙∙▒
▒∙)∙∙lH∙∙▒
▒▒▒▒▒▒▒)∙▒▒▒▒▒▒▒
∙∙∙∙∙∙∙)∙▒
∙∙∙∙⌠∙∙)∙▒
∙∙∙∙)))∙∙▒
⌠∙>∙∙∙∙∙∙▒
∙∙∙)∙∙∙∙∙▒
∙∙∙∙⌠∙∙∙∙▒
∙∙∙∙∙∙∙∙∙▒


You could see a komodo dragon (extremely poisoned).

Vanquished Creatures
  A two-headed ogre (D:9)
  2 trolls (D:10)
  A hornet (D:7)
  12 yaks
  3 vampire mosquitoes (D:8)
  A steam dragon (D:6)
  An ice beast (D:6)
  A water moccasin (D:7)
  3 black bears
  An orc warrior (D:7)
  An ogre (D:6)
  A centaur (D:6)
  A phantom (D:6)
  3 kobold brigands
  A bullfrog (D:7)
  2 gnoll sergeants (D:8)
  A scorpion (D:7)
  6 wights
  2 howler monkeys
  3 orc priests (D:6)
  2 jellies
  A gnoll bouda (D:5)
  5 hounds
  2 iguanas
  A sleepcap (D:6)
  5 orc wizards
  6 adders
  18 gnolls
  2 shadow imps
  A white imp (D:6)
  An ufetubus (D:7)
  3 worms
  3 dart slugs
  28 orcs
  8 ball pythons
  7 bats
  5 endoplasms
  4 giant cockroaches
  7 goblins
  5 hobgoblins
  14 jackals
  6 quokkas
  3 frilled lizards
  21 kobolds
  3 rats
208 creatures vanquished.

Notes
Turn   | Place    | Note
-------+----------+-------------------------------------------
     0 | D:1      | Zeor the Minotaur Hunter began the quest for the Orb.
     0 | D:1      | Reached XP level 1. HP: 18/18 MP: 0/0
    33 | D:1      | Reached XP level 2. HP: 25/25 MP: 1/1
    86 | D:1      | Reached skill level 5 in Ranged Weapons
   336 | D:1      | Reached XP level 3. HP: 27/30 MP: 2/2
   522 | D:1      | Found Voxior's Magic Scroll Shoppe.
   826 | D:2      | Found a faded altar of an unknown god.
  1197 | D:2      | Reached skill level 6 in Ranged Weapons
  1197 | D:2      | Reached XP level 4. HP: 36/37 MP: 3/3
  1406 | D:3      | Found Utawaih's Antique Armour Boutique.
  1505 | D:3      | Reached skill level 1 in Armour
  1726 | D:3      | Reached XP level 5. HP: 44/44 MP: 4/4
  1734 | D:3      | Bought a pair of gloves for 108 gold pieces
  1791 | D:3      | Found a stormy altar of Qazlal.
  1795 | D:3      | Became a worshipper of Qazlal Stormbringer
  2218 | D:4      | Found Ofaurghio's Weapon Boutique.
  2218 | D:4      | Noticed a +0 demon blade
  2220 | D:4      | Noticed a +0 demon blade
  2280 | D:4      | Found a staircase to the Ecumenical Temple.
  2539 | D:4      | Reached skill level 7 in Ranged Weapons
  2540 | D:4      | Reached XP level 6. HP: 23/51 MP: 5/5
  2921 | D:5      | Entered Level 5 of the Dungeon
  2945 | D:5      | Found a large runed translucent door.
  2949 | D:5      | Found a large runed translucent door.
  3109 | D:5      | Reached * piety under Qazlal
  3252 | D:5      | Noticed a yak
  3258 | D:5      | Noticed a yak
  3259 | D:5      | Noticed a yak
  3259 | D:5      | Noticed a yak
  3259 | D:5      | Noticed a yak
  3274 | D:5      | Reached skill level 1 in Invocations
  3276 | D:5      | Killed a yak
  3277 | D:5      | Reached skill level 1 in Axes
  3277 | D:5      | Killed a yak
  3278 | D:5      | Reached skill level 8 in Ranged Weapons
  3278 | D:5      | Reached XP level 7. HP: 48/57 MP: 5/7
  3280 | D:5      | Killed a yak
  3281 | D:5      | Killed a yak
  3282 | D:5      | Killed a yak
  3283 | D:5      | Reached XP level 8. HP: 37/66 MP: 5/9
  3424 | D:5      | Identified the ring of the Sky {rPois rC+ Int-4 Dex+5}
  3445 | D:5      | Reached skill level 9 in Ranged Weapons
  3583 | D:5      | Found a blossoming altar of Fedhas.
  3867 | D:5      | Found a runed translucent door.
  3868 | D:5      | Noticed Crazy Yiuf
  4096 | D:5      | Found a glowing golden altar of the Shining One.
  4106 | D:5      | Found a white marble altar of Elyvilon.
  4566 | D:6      | Reached skill level 10 in Ranged Weapons
  4660 | D:6      | Reached ** piety under Qazlal
  4661 | D:6      | Reached skill level 5 in Fighting
  4661 | D:6      | Reached XP level 9. HP: 52/74 MP: 10/10
  5426 | D:7      | Reached skill level 11 in Ranged Weapons
  5492 | D:7      | Found a radiant altar of Vehumet.
  5578 | D:7      | Found a large runed translucent door.
  5578 | D:7      | Found a large runed translucent door.
  5584 | D:7      | Noticed SirLogeyBear's ghost (novice HOBe)
  5641 | D:7      | Found a shimmering altar of Xom.
  6253 | D:4      | Bought a +4 rapier of venom for 321 gold pieces
  6968 | D:8      | Found an opulent altar of Gozag.
  7247 | D:8      | Found a glowing silver altar of Zin.
  7296 | D:8      | Found the +4 robe of Folly {Brill Will-∞ Int+8}
  7304 | D:8      | Reached skill level 1 in Short Blades
  7382 | D:8      | Reached skill level 12 in Ranged Weapons
  7473 | D:8      | You fall into a shaft and drop 2 floors!
  7473 | D:10     | Entered Level 10 of the Dungeon
  7474 | D:10     | Noticed a troll
  7482 | D:10     | Killed a troll
  7482 | D:10     | Reached *** piety under Qazlal
  7483 | D:10     | Reached skill level 5 in Dodging
  7483 | D:10     | Reached XP level 10. HP: 56/84 MP: 12/12
  7662 | D:9      | Reached skill level 1 in Shields
  7831 | D:9      | Noticed a two-headed ogre
  7843 | D:9      | Killed a two-headed ogre
  7844 | D:9      | Reached skill level 5 in Armour
  8035 | D:9      | Found a sacrificial altar of Ru.
  8048 | D:9      | Reached skill level 5 in Invocations
  8239 | D:10     | Reached skill level 5 in Short Blades
  8261 | D:10     | Slain by a komodo dragon

Illustrated notes

Levels and vault maps discovered:
D:1:      doesnt_arrival_eight_statues, layout_basic, serial_shops, shop,
          serial_bayou_pond_c
D:2:      layout_basic, shapermc_ecumenical_altar_venn,
          hangedman_decor_peaks_small
D:3:      layout_loops_ring, mainiacjoe_overflow_24_doors, serial_shops,
          nicolae_shop_tiny_waterfront
D:4:      layout_loops_ring, minmay_temple_entry_antechambers, serial_shops,
          nicolae_shop_mannequins, minmay_fractal_squares_diagonal_5
D:5:      layout_cave_pods, jmf_multi_god_temple2, kennysheep_mini,
          uniq_crazy_yiuf_cottage
D:6:      layout_basic, nicolae_nh_ransacked_shop
D:7:      layout_gridville, nicolae_overflow_hidden_temple, lemuel_tele_altar,
          ebering_ghost_disaster_area
D:8:      layout_loops_corners, mainiacjoe_overflow_small_starburst,
          grunt_gozag_statues, okawaru_metal_pillars_1_2,
          nemelex_diamond_rough_becter, dreamdust_deal_with_the_devil,
          kennysheep_generic_room_15
D:9:      layout_irregular_city, hangedman_ru_absence, david_orc_2,
          serial_demonic, serial_demonic_d, serial_demonic_f, serial_demonic_f,
          serial_demonic_a
D:10:     layout_small_grid, evilmike_ruin_ashenzari, lair_entry_dummy,
          st_stairs_9, grunt_ministairs_1, due_unseen_surprise, uniq_snorg,
          uniq_erolcha, uniq_lodul

Skill      XL: |  1  2  3  4  5  6  7  8  9 10 |
---------------+-------------------------------+-----
Ranged Weapons | 5 6 7 8 10 12 | 12.6
Armour         | 1 2 3 4 5 |  5.2
Fighting       | 3 4 5 6 7 |  7.1
Invocations    | 1 2 3 4 5 |  5.3
Axes           | 1 2 3 4 |  4.1
Dodging        | 3 4 5 |  5.0
Short Blades   | 2 5 |  5.0
Shields        | 1 |  1.1
Stealth        | |  0.8

Action                     |  1- 3 |  4- 6 |  7- 9 | 10-12 || total
---------------------------+-------+-------+-------+-------++-------
  Melee: Hand axe          |    17 |    38 |    62 |       ||   117
         Headbutt          |     2 |     4 |    19 |     5 ||    30
         Punch             |       |       |     1 |     1 ||     2
         Rapier            |       |       |    28 |    23 ||    51
   Fire: Shortbow          |    95 |    87 |   228 |    31 ||   441
 Invoke: Upheaval          |       |       |       |     1 ||     1
    Use: Scroll            |     8 |     3 |     3 |     2 ||    16
         Potion            |       |     3 |       |       ||     3
 Armour: Leather armour    |     9 |    42 |    22 |       ||    73
         Chain mail        |       |       |    37 |     8 ||    45
  Dodge: Dodged            |    38 |    63 |   115 |    17 ||   233
  Block: Other             |       |       |    27 |     6 ||    33
